 Dungeon Crawl Stone Soup version 0.27-a0-1200-g94dc6ad4cf (webtiles) character file.

Game seed: 11752356566475729501

453 Glokmah the Vexing (level 7, 0/52 HPs)
             Began as a Formicid Arcane Marksman on May 30, 2021.
             Slain by a centaur (1 damage)
             ... on level 5 of the Dungeon.
             The game lasted 00:11:38 (6117 turns).

Glokmah the Vexing (Formicid Arcane Marksman)       Turns: 6117, Time: 00:11:39

Health: 0/52       AC:  4    Str: 15 (16) XL:     7   Next: 26%
Magic:  11/11      EV: 11    Int: 11      God:
Gold:   112        SH:  0    Dex: 13      Spells: 6/11 levels left

rFire    . . .     SeeInvis +   b - +1 whip (venom)
rCold    . . .     Faith    .   (no shield)
rNeg     . . .     Spirit   .   o - +0 leather armour
rPois    .         Reflect  .   (helmet unavailable)
rElec    .         Harm     .   (no cloak)
rCorr    .         Rampage  .   i - +0 pair of gloves
Will     .....                  (no boots)
Stlth    +.........             (no amulet)
HPRegen  0.17/turn              f - ring of wizardry
MPRegen  0.12/turn              (no ring)

@: unable to read
A: permanent stasis, dig shafts and tunnels, antennae 3, four strong arms, dopey
1, strong 1, inability to read while threatened
a: Dig, Shaft Self


You were on level 5 of the Dungeon.
You visited 2 branches of the dungeon, and saw 6 of its levels.

You collected 128 gold pieces.
You spent 16 gold pieces at shops.

Inventory:

Hand Weapons
 a - a +0 hand crossbow
 b - a +1 whip of venom (weapon)
Missiles
 d - 72 bolts
 n - 2 boomerangs (quivered)
 p - 23 poisoned darts
Armour
 i - a +0 pair of gloves (worn)
 m - a +0 ring mail of willpower
 o - a +0 leather armour (worn)
Magical Staves
 h - a staff of poison
Jewellery
 f - a ring of wizardry (left hand)
Scrolls
 c - 2 scrolls of vulnerability
 g - 6 scrolls of teleportation
 j - a scroll of immolation
 q - a scroll of identify
Potions
 e - a potion of lignification
 k - a potion of curing


   Skills:
 + Level 3.1 Fighting
 * Level 4.5 Crossbows
 - Level 1.7 Dodging
 + Level 2.9 Spellcasting
 - Level 5.0 Hexes
 * Level 2.5 Fire Magic


You had 6 spell levels left.
You knew the following spells:

 Your Spells              Type           Power      Damage    Failure   Level
b - Slow                  Hex            12%        N/A       2%          2
c - Inner Flame           Hex/Fire       9%         N/A       9%          3

Your spell library contained the following spells:

 Spells                   Type           Power      Damage    Failure   Level
 Corona                   Hex            13%        N/A       1%          1
 Magic Dart               Conj           4%         1d3       13%         1
 Dazzling Flash           Conj/Hex       14%        N/A       14%         3
 Portal Projectile        Hex/Tloc       14%        N/A       14%         3
 Cause Fear               Hex            6%         N/A       16%         4
 Searing Ray              Conj           2%         3d3       21%         2
 Fulminant Prism          Conj/Hex       3%         3d6       41%         4
 Leda's Liquefaction      Hex/Erth       3%         N/A       41%         4
 Iskenderun's Mystic Bla  Conj/Tloc      1%         2d3       75%         4


Dungeon Overview and Level Annotations

Branches:
Dungeon (5/15)             Temple (1/1) D:4

Altars:
Ashenzari
Dithmenos
Fedhas
Gozag
Makhleb
Nemelex Xobeh
Okawaru
Sif Muna
Uskayaw
Vehumet
Wu Jian
Xom
Yredelemnul
Zin

Shops:
D:2 (   D:3 [


Innate Abilities, Weirdness & Mutations

You cannot be hasted, slowed, berserked, paralysed or teleported.
You can dig through walls and to a lower floor.
You have a pair of large antennae on your head. (SInv)
Your four strong arms can wield two-handed weapons with a shield.
You are dopey. (Int -2)
Your muscles are strong. (Str +2)
You sometimes lose the ability to read scrolls when taking damage.


Message History

The centaur shoots an arrow.
The arrow hits you!
* * * LOW HITPOINT WARNING * * *
Unknown command.
You feel better.
The centaur shoots an arrow.
The arrow hits you!
* * * LOW HITPOINT WARNING * * *
The centaur shoots an arrow.
The arrow closely misses you.
The centaur unwields a +0 shortbow.
The centaur hits you but does no damage.
The centaur barely misses you.
You hit the centaur.
The centaur is poisoned.
The centaur is moderately wounded.
The centaur barely misses you.
The centaur kicks you but does no damage.
The centaur misses you. The centaur kicks you.
* * * LOW HITPOINT WARNING * * *
You feel better. The centaur closely misses you. The centaur barely misses you.
You closely miss the centaur.
The centaur is moderately wounded.
The centaur closely misses you. x2
The centaur hits you but does no damage.
The centaur barely misses you.
You hit the centaur.
The centaur looks as sick as possible!
The centaur is heavily wounded.
The centaur hits you.
* * * LOW HITPOINT WARNING * * *
The centaur kicks you but does no damage.
The centaur completely misses you. The centaur kicks you.
* * * LOW HITPOINT WARNING * * *
You hit the centaur.
The centaur looks as sick as possible!
The centaur is heavily wounded.
The centaur hits you.
* * * LOW HITPOINT WARNING * * *
The centaur barely misses you.
You barely miss the centaur.
The centaur is severely wounded.
The centaur hits you.
* * * LOW HITPOINT WARNING * * *
The centaur closely misses you. The centaur hits you.
You die...

.. ### ##.# ####.###
#...##.#..#.##
.............#
.........†c.##
.........@##.###
#......##....# ####
#.....##.....###..###
#...................#
#.......>.....c....##
#.#...............###
# #................<#
...#...............#
...###.............##


You could see a centaur (extremely poisoned).

Vanquished Creatures
  Sigmund (D:4)
  An orc priest (D:4)
  A jelly (D:5)
  Jessica (D:2)
  An iguana (D:5)
  Terence (D:2)
  Robin (D:2)
  A gnoll (D:1)
  A howler monkey skeleton (D:4)
  4 adders
  2 dart slugs
  7 orcs
  7 bats
  7 endoplasms
  2 giant cockroaches
  13 goblins
  8 hobgoblins
  9 jackals
  10 kobolds
  3 quokkas
  3 ball pythons
  5 frilled lizards
  3 rats
92 creatures vanquished.

Notes
Turn   | Place    | Note
-------+----------+-------------------------------------------
     0 | D:1      | Glokmah the Formicid Arcane Marksman began the quest for
                  | the Orb.
     0 | D:1      | Reached XP level 1. HP: 15/15 MP: 2/2
   156 | D:1      | Reached XP level 2. HP: 16/21 MP: 3/3
   332 | D:1      | Found a faded altar of an unknown god.
   360 | D:1      | Learned a level 2 spell: Slow
   383 | D:1      | Reached XP level 3. HP: 26/26 MP: 5/5
   420 | D:1      | Reached skill level 4 in Hexes
  1398 | D:2      | Found Xoal's Weapon Shoppe.
  1405 | D:2      | Bought 8 bolts for 16 gold pieces
  1419 | D:2      | Reached XP level 4. HP: 29/29 MP: 6/6
  1426 | D:2      | Noticed Jessica
  1432 | D:2      | Killed Jessica
  2457 | D:3      | Reached XP level 5. HP: 32/38 MP: 8/8
  2473 | D:3      | Noticed Robin
  2740 | D:2      | Learned a level 3 spell: Inner Flame
  2765 | D:3      | Noticed Terence
  2879 | D:2      | Gained mutation: You sometimes lose the ability to read
                  | scrolls when taking damage. [potion of mutation]
  2879 | D:2      | Gained mutation: You are dopey. (Int -2) [potion of
                  | mutation]
  2879 | D:2      | Gained mutation: Your muscles are strong. (Str +2) [potion
                  | of mutation]
  2884 | D:2      | Killed Terence
  3183 | D:2      | Killed Robin
  3188 | D:2      | Reached skill level 1 in Fire Magic
  4049 | D:3      | Found Xezarah's Antique Armour Boutique.
  4647 | D:4      | Found a staircase to the Ecumenical Temple.
  4652 | Temple   | Entered the Ecumenical Temple
  4939 | D:4      | Reached XP level 6. HP: 42/46 MP: 9/9
  5184 | D:4      | Found a shimmering blue altar of Sif Muna.
  5320 | D:4      | Noticed Sigmund
  5330 | D:4      | Killed Sigmund
  5331 | D:4      | Reached XP level 7. HP: 36/52 MP: 5/11
  5607 | D:4      | Found a blossoming altar of Fedhas.
  5619 | D:4      | Found a shimmering altar of Xom.
  5785 | D:5      | Entered Level 5 of the Dungeon
  6099 | D:5      | Reached skill level 5 in Hexes
  6117 | D:5      | HP: 1/52 [centaur (3)]
  6117 | D:5      | Slain by a centaur

Illustrated notes

Levels and vault maps discovered:
D:1:      erik_arrival_cave_to_civilisation [erik_arrival_cave_to_hall],
          layout_rooms, basic_ecumenical_altar
D:2:      layout_loops_ring, serial_shops, nicolae_shop_crystal,
          chequers_hall_statues_corner_a, dk_noncrumbling_3, st_stairs_9,
          chequers_serial_rivers_marsh, kennysheep_doodads, uniq_jessica
D:3:      layout_rooms, serial_shops, shop, uniq_terence, uniq_robin
D:4:      layout_cave_pods, kennysheep_little_box,
          amethyst_overflow_temple_binary, minmay_temple_entry_nine_rooms,
          chequers_serial_rivers_small_b, uniq_sigmund
D:5:      layout_cave_pools, general_overflow_altar
Temple:   jpeg_temple_clearing

Skill      XL: |  1  2  3  4  5  6  7 |
---------------+----------------------+-----
Hexes          | 4 5 |  5.0
Fighting       | 2 3 |  3.1
Crossbows      | 3 4 |  4.5
Spellcasting   | 2 |  2.9
Fire Magic     | 1 2 |  2.5
Dodging        | |  1.7

Action                   |  1- 3 |  4- 6 |  7- 9 || total
-------------------------+-------+-------+-------++-------
Melee: Dagger            |    51 |       |       ||    51
       Whip              |    23 |   207 |    20 ||   250
 Fire: Hand crossbow     |    21 |    16 |       ||    37
 Cast: Corona            |     3 |     1 |       ||     4
       Slow              |       |     1 |       ||     1
       Inner Flame       |       |     1 |       ||     1
  Use: Scroll            |       |     9 |       ||     9
       Potion            |       |     5 |     2 ||     7
 Stab: Sleeping          |       |     1 |       ||     1
Armor: Robe              |    18 |       |       ||    18
       Leather armour    |     6 |    83 |     7 ||    96
       Skin              |       |    20 |       ||    20
Dodge: Dodged            |    51 |   152 |    22 ||   225

Table legend: (Time is in decaauts)
 A = Elapsed time spent in this place.
 B = Non-inter-level travel time spent in this place.
 C = Inter-level travel time spent in this place.
 D = Time resting spent in this place.
 E = Time spent auto-exploring this place.
 F = Levels seen in this place.
 G = Mean time per level.
                   A        B        C        D        E       F      G
               +--------+--------+--------+--------+--------+-----+--------+
         Total |   6162 |   5457 |    705 |   1840 |   2436 |   6 | 1027.0 |
       Dungeon |   5996 |   5332 |    664 |   1840 |   2312 |   5 | 1199.2 |
        Temple |    166 |    125 |     41 |      0 |    124 |   1 |  166.0 |
               +--------+--------+--------+--------+--------+-----+--------+

Top non-repeatable levels by time:
     D:2: 2488 daAuts
     D:4: 1463 daAuts
     D:1: 1016 daAuts
     D:3: 933 daAuts
  Temple: 166 daAuts
     D:5: 94 daAuts
